 Dungeon Crawl Stone Soup version 0.20.1-1-g8b1a95d (webtiles) character file.

235 Aner the Slasher (level 5, 0/41 (42) HPs)
             Began as a Demonspawn Chaos Knight on Nov 7, 2017.
             Succumbed to a scorpion's poison
             ... on level 4 of the Dungeon.
             The game lasted 00:32:13 (2427 turns).

Aner the Slasher (Demonspawn Chaos Knight)          Turns: 2427, Time: 00:32:14

HP:   0/41 (42)     AC:  6    Str: 13    XL:     5   Next: 76%
MP:   2/5           EV: 14    Int: 13    God:    Xom [..*...]
Gold: 169           SH:  0    Dex: 13    Spells: 2/4 levels left

rFire    . . .     SeeInvis .   a - +0 falchion (chaos)
rCold    + . .     Gourm    .   (no shield)
rNeg     . . .     Faith    .   b - +2 leather armour
rPois    .         Spirit   +   (helmet restricted)
rElec    .         Reflect  .   (no cloak)
rCorr    .         Harm     .   (no gloves)
MR       +....                  r - +0 pair of boots
Stlth    +.........             (no amulet)
Regen    0.2/turn               m - ring of wizardry
MPRegen  0.1/turn               (no ring)

@: lethally poisoned (0 -> -8), flying
A: horns 1, talons 1, repulsion field 1, cold resistance 1, magic resistance 1,
evolution 1, magic shield
a: Renounce Religion


You were on level 4 of the Dungeon.
You worshipped Xom.
You were a toy of Xom.
You were not hungry.

You visited 1 branch of the dungeon, and saw 4 of its levels.

You collected 169 gold pieces.

Inventory:

Hand Weapons
 a - a +0 falchion of chaos (weapon)
 i - a +3 shortbow
 l - a cursed -2 mace
Missiles
 d - 19 bolts
 g - 8 tomahawks (quivered)
 q - 42 arrows
 s - 11 poisoned needles
Armour
 b - a +2 leather armour (worn)
 f - a +0 ring mail
 n - a +0 pair of boots
 r - a +0 pair of boots (worn)
Jewellery
 m - a ring of wizardry (left hand)
Scrolls
 e - 4 scrolls of remove curse
 k - 4 scrolls of identify
Potions
 p - a potion of flight
Books
 j - a book of Maledictions

   Spells                             Type                      Level
   a - Corona                         Hexes                        1
   b - Ensorcelled Hibernation        Hexes/Ice                    2
   c - Confuse                        Hexes                        3
   d - Tukima's Dance                 Hexes                        3
   e - Dazzling Spray                 Conjuration/Hexes            3
Comestibles
 c - 4 bread rations
 h - 2 meat rations
 o - a royal jelly
 t - 2 fruits


   Skills:
 + Level 3.8 Fighting
 + Level 4.3 Long Blades
 + Level 2.5 Armour
 + Level 2.4 Dodging
 + Level 0.8 Stealth


You had 2 spell levels left.
You knew the following spells:

 Your Spells              Type           Power        Failure   Level  Hunger
a - Ensorcelled Hibernat  Hex/Ice        #.....       24%         2    ###....


Dungeon Overview and Level Annotations

Branches:
Dungeon (4/15)
 Temple: D:4-7

Altars:


Innate Abilities, Weirdness & Mutations

You are surrounded by a mild repulsion field. (EV +2)
When hurt, damage is shared between your health and your magic reserves.
You have a pair of small horns on your head.
You have sharp toenails.
Your flesh is cold resistant. (rC+)
You are resistant to hostile enchantments. (MR+)
You evolve.


Message History

You completely miss the scorpion.
The scorpion is moderately wounded.
* * * LOW HITPOINT WARNING * * *
You feel sick. The scorpion misses you. The scorpion stings you.
* * * LOW HITPOINT WARNING * * *
* * * LOW HITPOINT WARNING * * *
You feel sick.
Casting: Ensorcelled Hibernation
Confirm with . or Enter, or press ? or * to list all spells.
You don't have enough magic to cast that spell.
* * * LOW HITPOINT WARNING * * *
You feel sick.
* * * LOW HITPOINT WARNING * * *
You feel sick.
* * * LOW HITPOINT WARNING * * *
You feel sick.
* * * LOW HITPOINT WARNING * * *
You feel sick.
You die...
Xom cackles wildly!

## ..###..##.####. #.
............. .. ......>...
####. #....#
#....#######.<..###+########
#.....................#...#
#.....................#...#
#..)...†..............#...#
#..............@.s....'...#
###########################


You could see a scorpion.

Vanquished Creatures
  A centaur (D:3)
  An orc priest (D:3)
  An orc wizard (D:3)
  An adder (D:3)
  2 worms
  A dart slug (D:2)
  A leopard gecko (D:3)
  12 orcs (D:3)
  2 ball pythons
  6 bats
  6 giant cockroaches
  8 goblins
  6 hobgoblins
  4 kobolds
  A quokka (D:4)
  6 frilled lizards
  10 rats
69 creatures vanquished.

Notes
Turn   | Place    | Note
-------+----------+-------------------------------------------
     0 | D:1      | Aner the Demonspawn Chaos Knight began the quest for the Orb.
     0 | D:1      | Reached XP level 1. HP: 18/18 MP: 1/1
    72 | D:1      | XOM: smoke on damage
    75 | D:1      | Reached skill level 1 in Dodging
   221 | D:1      | Gained mutation: When hurt, damage is shared between your health and your magic reserves. [demonic ancestry]
   221 | D:1      | Reached XP level 2. HP: 20/24 MP: 2/2
   296 | D:1      | Reached skill level 3 in Long Blades
   894 | D:2      | Reached XP level 3. HP: 29/29 MP: 3/3
  1282 | D:2      | XOM: give mutations
  1282 | D:2      | Gained mutation: You evolve. [Xom's grace]
  1282 | D:2      | Gained mutation: You have sharp toenails. [Xom's grace]
  1282 | D:2      | Gained mutation: You rapidly evolve. [Xom's grace]
  1282 | D:2      | Gained mutation: You have a pair of small horns on your head. [Xom's grace]
  1298 | D:2      | Gained mutation: Your flesh is cold resistant. (rC+) [evolution]
  1605 | D:2      | Learned a level 2 spell: Ensorcelled Hibernation
  1620 | D:3      | XOM: harmless Tmut miscast
  1672 | D:3      | Noticed a centaur
  1674 | D:3      | XOM: butterfly on damage
  1680 | D:3      | XOM: fake destruction
  1682 | D:3      | XOM: enchant monster (good)
  1698 | D:3      | Killed a centaur
  1698 | D:3      | Gained mutation: You are surrounded by a mild repulsion field. (EV +2) [demonic ancestry]
  1698 | D:3      | Reached XP level 4. HP: 17/37 MP: 0/4
  1699 | D:3      | Reached XP level 5. HP: 14/42 MP: 1/5
  1806 | D:3      | XOM: silly message
  2070 | D:3      | XOM: mild Necr miscast
  2116 | D:3      | Gained mutation: You are resistant to hostile enchantments. (MR+) [evolution]
  2116 | D:3      | Lost mutation: You rapidly evolve. [decline of evolution]
  2226 | D:3      | Reached skill level 4 in Long Blades
  2227 | D:3      | XOM: divination: magic mapping
  2425 | D:4      | HP: 2/41 [poisoned by a scorpion]
  2427 | D:4      | Succumbed to a scorpion's poison

Skill      XL: |  1  2  3  4  5 |
---------------+----------------+-----
Dodging        | 1 2 |  2.4
Long Blades    | 3 4 |  4.3
Armour         | 2 |  2.5
Fighting       | |  3.8
Stealth        | |  0.8

Action                   |  1- 3 |  4- 6 || total
-------------------------+-------+-------++-------
Melee: Falchion          |   116 |    79 ||   195
       Headbutt          |     5 |     9 ||    14
       Kick              |     1 |       ||     1
  Use: Scroll            |     2 |     4 ||     6
       Potion            |     4 |     1 ||     5
 Stab: Sleeping          |     1 |       ||     1
  Eat: Meat ration       |     1 |       ||     1
       Chunk             |     1 |       ||     1
Armor: Leather armour    |    76 |    11 ||    87
Dodge: Dodged            |    73 |    48 ||   121
       Rpst.: Falchion   |    27 |    16 ||    43
